 Dungeon Crawl Stone Soup version 0.29-a0-11-ga75d3d97ab (webtiles) character file.

Game seed: 2098685709353652669

1933 kae the Ruffian (level 8, -3/66 HPs)
             Began as a Purple Draconian Transmuter on Jan 28, 2022.
             Was an Initiate of Ru.
             Slain by a red ugly thing (23 damage)
             ... on level 6 of the Dungeon.
             The game lasted 00:06:17 (8198 turns).

kae the Ruffian (Purple Draconian Transmuter)       Turns: 8198, Time: 00:06:17

Health: -3/66      AC:  2    Str: 14    XL:     8   Next: 97%
Magic:  23/24      EV: 21    Int: 15    God:    Ru [......]
Gold:   254        SH:  0    Dex: 16    Spells: 8/16 levels left

rFire   . . .      SeeInvis +     - Unarmed
rCold   . . .      Faith    .   (shield currently unavailable)
rNeg    . . .      Spirit   .   (armour unavailable)
rPois   x          Reflect  .   (helmet currently unavailable)
rElec   .          Harm     .   (cloak currently unavailable)
rCorr   .          Rampage  .   (gloves currently unavailable)
Will    +....                   (boots currently unavailable)
Stlth   +.........              (no amulet)
HPRegen 0.21/turn               d - ring of see invisible
MPRegen 0.19/turn               l - ring of magical power

@: spider-form
A: venomous fangs, (breathe power), AC +6, tiny, unfitting armour,
(cold-blooded)
a: End Transformation, Renounce Religion


You were on level 6 of the Dungeon.
You worshipped Ru.
Ru was noncommittal.
You were a venomous arachnid creature.
You visited 2 branches of the dungeon, and saw 7 of its levels.
You also visited: Sewer.

You collected 278 gold pieces.
You spent 24 gold pieces at shops.

Inventory:

Jewellery
 d - a ring of see invisible (left front leg)
 l - a ring of magical power (right front leg)
 p - a ring of magical power
Wands
 n - a wand of paralysis (11)
Scrolls
 a - a scroll of fear
 h - a scroll of fog
 k - 3 scrolls of enchant weapon
 o - a scroll of teleportation
 q - a scroll of identify
 r - a scroll of blinking
Potions
 b - 3 potions of degeneration
 c - 3 potions of attraction
 e - 5 potions of haste
 f - 2 potions of invisibility
 g - a potion of berserk rage
 i - 2 potions of curing
 j - 3 potions of mutation
 m - a potion of brilliance {unknown}


   Skills:
 + Level 4.1 Fighting
 + Level 3.8 Dodging
 * Level 6.3 Unarmed Combat
 + Level 4.8 Spellcasting
 * Level 5.9 Transmutations
 * Level 4.6 Ice Magic
 - Level 2.0 Poison Magic


You had 8 spell levels left.
You knew the following spells:

 Your Spells              Type           Power      Damage    Failure   Level
a - Beastly Appendage     Tmut           42%        N/A       6%          1
b - Spider Form           Tmut/Pois      15%        N/A       24%         3
c - Ice Form              Ice/Tmut       19%        N/A       38%         4

Your spell library contained the following spells:

 Spells                   Type           Power      Damage    Failure   Level
 Wereblood                Tmut           21%        N/A       9%          2


Dungeon Overview and Level Annotations

Branches:
Dungeon (6/15)             Temple (1/1) D:6           Sewer (visited)

Altars:
Ashenzari
Cheibriados
Dithmenos
Elyvilon
Fedhas
Gozag
Hepliaklqana
Kikubaaqudgha
Makhleb
Nemelex Xobeh
Okawaru
Qazlal
Ru
Sif Muna
Trog
Uskayaw
Vehumet
Wu Jian
Xom
Yredelemnul
Zin

Shops:
D:2 *

Annotations:
D:4 1 runed translucent door, Crazy Yiuf


Innate Abilities, Weirdness & Mutations

You are a venomous arachnid creature.
You have poisonous fangs.
You are tiny and dextrous.
Your spellcasting is less reliable in this form.
Your armour is entirely melded.
You are incapable of wielding weapons or throwing items.
((You can breathe bolts of dispelling energy.))
((Your rich purple scales are hard. (AC +6)))
You cannot fit into any form of body armour.
((You are cold-blooded and may be slowed by cold attacks.))


Message History

There are monsters nearby!
You completely miss the red ugly thing. The centaur zombie misses you. x2
The red ugly thing closely misses you.
You bite the red ugly thing!
The red ugly thing is poisoned.
The red ugly thing is lightly wounded.
The centaur zombie hits you. The centaur zombie barely misses you.
The red ugly thing misses you.
There are monsters nearby!
You hit the red ugly thing.
The red ugly thing looks as sick as possible!
The red ugly thing is lightly wounded.
The centaur zombie hits you.
The centaur zombie kicks you but does no damage.
You completely miss the red ugly thing.
The red ugly thing is lightly wounded.
The centaur zombie misses you. The centaur zombie barely misses you.
The red ugly thing closely misses you. The centaur zombie hits you.
The centaur zombie kicks you but does no damage.
There are monsters nearby!
You hit the red ugly thing.
The red ugly thing looks as sick as possible!
The red ugly thing is moderately wounded.
The red ugly thing closely misses you. The centaur zombie misses you.
The centaur zombie kicks you but does no damage.
You bite the red ugly thing!
The red ugly thing looks as sick as possible!
The red ugly thing is heavily wounded.
The red ugly thing misses you. The centaur zombie misses you.
The centaur zombie completely misses you.
You bite the red ugly thing!
The red ugly thing is severely wounded.
The centaur zombie closely misses you. The centaur zombie barely misses you.
The red ugly thing pecks you!
You are engulfed in flames!
You are too injured to fight recklessly!
You are too injured to fight recklessly!
You are too injured to fight recklessly!
The centaur zombie barely misses you.
The centaur zombie kicks you but does no damage.
The red ugly thing pecks you!
You are engulfed in flames!!
You die...

..#...# .....♣$.♣.......# ....
..#...# ................##......
..#...# ................##......
..#...## ...............# #......
..#....##..............# ##......
..#####.##............# #....###
..##..##'##..........## #....#..
.......†..##....uZ..## #....#..
.......#..#####'s#########....###
.###..##..#......................
.####'##..#......................
.......#..#......................
......##..#......................
......################...........
.##...##...# #...#...........
.##...##...# #...###'##......
..#........# #........'......


You could see a red ugly thing (extremely poisoned) and a centaur zombie.

Vanquished Creatures
  Sigmund (D:3)
  Eustachio (D:6)
  An ice beast (D:6)
  2 sky beasts (D:6)
  A necrophage (D:5)
  2 ogres
  A phantom (D:4)
  A kobold brigand (Sewer)
  A bullfrog (D:6)
  A wyvern zombie (D:6)
  A gnoll sergeant (D:6)
  3 scorpions
  A centaur zombie (D:6)
  2 jellies
  2 hounds
  2 orc priests (D:5)
  Terence (D:3)
  An orc wizard (D:3)
  4 iguanas
  Robin (D:3)
  5 gnolls (D:6)
  4 adders
  2 white imps
  7 worms
  A dart slug (D:1)
  16 orcs
  12 ball pythons
  3 bats (D:1)
  7 endoplasms
  3 giant cockroaches
  11 hobgoblins
  A jackal (D:1)
  11 kobolds
  5 quokkas (D:1)
  5 frilled lizards
  11 goblins
  7 rats
141 creatures vanquished.

Notes
Turn   | Place    | Note
-------+----------+-------------------------------------------
     0 | D:1      | kae the Draconian Transmuter began the quest for the Orb.
     0 | D:1      | Reached XP level 1. HP: 16/16 MP: 3/3
   139 | D:1      | Reached XP level 2. HP: 15/23 MP: 3/5
   970 | D:1      | Reached XP level 3. HP: 28/28 MP: 4/6
   974 | D:1      | Learned a level 3 spell: Spider Form
  1432 | D:2      | Found Rodiuth's General Store.
  1437 | D:2      | Bought a scroll of identify for 24 gold pieces
  1645 | D:2      | Found a faded altar of an unknown god.
  2157 | D:3      | Noticed Sigmund
  2206 | D:3      | Killed Sigmund
  2207 | D:3      | Reached skill level 4 in Unarmed Combat
  2207 | D:3      | Reached skill level 1 in Poison Magic
  2207 | D:3      | Reached XP level 4. HP: 21/36 MP: 5/7
  2207 | D:3      | Reached XP level 5. HP: 24/41 MP: 5/8
  2213 | D:3      | Learned a level 4 spell: Ice Form
  3116 | D:3      | Noticed Terence
  3127 | D:3      | Killed Terence
  3128 | D:3      | Reached XP level 6. HP: 42/48 MP: 6/9
  3345 | D:3      | Noticed Robin
  3361 | D:3      | Killed Robin
  3580 | D:4      | Reached skill level 1 in Ice Magic
  3744 | D:4      | Your scales start taking on a rich purple colour.
  3744 | D:4      | Reached XP level 7. HP: 27/56 MP: 12/12
  3787 | D:4      | Found a glowing drain.
  3848 | Sewer    | Entered a sewer
  4708 | D:4      | Found a runed translucent door.
  4709 | D:4      | Noticed Crazy Yiuf
  4937 | D:5      | Entered Level 5 of the Dungeon
  5339 | D:5      | Reached skill level 5 in Unarmed Combat
  5942 | D:5      | Found a shimmering altar of Xom.
  5942 | D:5      | Found a stormy altar of Qazlal.
  5943 | D:5      | Found a shadowy altar of Dithmenos.
  6033 | D:5      | Reached XP level 8. HP: 50/63 MP: 14/14
  6435 | D:6      | Reached skill level 5 in Transmutations
  6677 | D:6      | Noticed Eustachio
  6688 | D:6      | Killed Eustachio
  6757 | D:6      | Found a staircase to the Ecumenical Temple.
  6921 | Temple   | Entered the Ecumenical Temple
  7324 | Temple   | Became a worshipper of Ru the Awakened
  7427 | D:6      | Reached skill level 6 in Unarmed Combat
  8184 | D:6      | Noticed a red ugly thing
  8198 | D:6      | Slain by a red ugly thing

Illustrated notes

Levels and vault maps discovered:
D:1:      dpeg_cavernosity, layout_basic
D:2:      layout_loops_ring, serial_shops, nicolae_shop_statue_plus,
          basic_ecumenical_altar
D:3:      layout_basic, uniq_terence, uniq_robin, uniq_sigmund
D:4:      layout_cave_pools, cheibrodos_sewer_entry_drain,
          uniq_crazy_yiuf_cottage
D:5:      layout_loops_cross, gammafunk_temple_overflow_claw, minmay_circle_x
D:6:      kennysheep_big_flooded_room, layout_gridville,
          minmay_temple_entry_fiery, uniq_eustachio, uniq_prince_ribbit1
Temple:   dpeg_five_rooms_temple

Skill      XL: |  1  2  3  4  5  6  7  8 |
---------------+-------------------------+-----
Dodging        | 2 3 |  3.8
Fighting       | 2 3 4 |  4.1
Unarmed Combat | 4 5 6 |  6.3
Transmutations | 3 4 5 |  5.9
Poison Magic   | 1 2 |  2.0
Ice Magic      | 1 3 4 |  4.6
Spellcasting   | 3 4 |  4.8

Action                   |  1- 3 |  4- 6 |  7- 9 || total
-------------------------+-------+-------+-------++-------
Melee: Unarmed           |   125 |    92 |   258 ||   475
       Headbutt          |    13 |     1 |       ||    14
       Kick              |    11 |     2 |       ||    13
       Tailslap          |    12 |     7 |     4 ||    23
       Punch             |     1 |       |     2 ||     3
 Cast: Beastly Appendage |    27 |     2 |       ||    29
       Spider Form       |     1 |     8 |    28 ||    37
       Ice Form          |       |     1 |    12 ||    13
 Abil: End Transformatio |       |     1 |       ||     1
  Use: Scroll            |     6 |     2 |     8 ||    16
       Potion            |       |     2 |       ||     2
 Stab: Distracted        |     1 |       |       ||     1
Armor: Skin              |    30 |     8 |    41 ||    79
Dodge: Dodged            |    99 |    76 |   206 ||   381

Table legend: (Time is in decaauts)
 A = Elapsed time spent in this place.
 B = Non-inter-level travel time spent in this place.
 C = Inter-level travel time spent in this place.
 D = Time resting spent in this place.
 E = Time spent auto-exploring this place.
 F = Levels seen in this place.
 G = Mean time per level.
                   A        B        C        D        E       F      G
               +--------+--------+--------+--------+--------+-----+--------+
         Total |   8224 |   7985 |    239 |    856 |   5681 |   8 | 1028.0 |
       Dungeon |   7058 |   6924 |    134 |    856 |   4852 |   6 | 1176.3 |
        Temple |    454 |    350 |    104 |      0 |    337 |   1 |  454.0 |
         Sewer |    711 |    711 |      0 |      0 |    491 |   1 |  711.0 |
               +--------+--------+--------+--------+--------+-----+--------+

Top non-repeatable levels by time:
     D:1: 1338 daAuts
     D:6: 1313 daAuts
     D:5: 1158 daAuts
     D:3: 1141 daAuts
     D:2: 1055 daAuts
     D:4: 1051 daAuts
   Sewer: 711 daAuts
  Temple: 454 daAuts
